 Dungeon Crawl Stone Soup version 0.21.1-1-g345015fe64 (webtiles) character file.

8993 Lothor the Severer (level 11, -7/92 HPs)
             Began as a Minotaur Fighter on Apr 10, 2018.
             Was a Believer of the Shining One.
             Mangled by a white ugly thing (22 damage)
             ... on level 11 of the Dungeon.
             The game lasted 00:23:46 (9318 turns).

Lothor the Severer (Minotaur Fighter)               Turns: 9318, Time: 00:23:46

Health: -7/92      AC: 14    Str: 21    XL:     11   Next: 17%
Magic:  10/10      EV:  4    Int:  9    God:    the Shining One [**....]
Gold:   726        SH: 22    Dex: 13    Spells: 10/10 levels left

rFire    . . .     SeeInvis .   a - +0 war axe
rCold    . . .     Gourm    .   C - +2 large shield
rNeg     + . .     Faith    .   D - +0 plate armour
rPois    +         Spirit   .   (helmet restricted)
rElec    +         Reflect  +   E - +0 cloak
rCorr    .         Harm     .   (no gloves)
MR       .....                  (no boots)
Stlth    ..........             i - +3 amulet of reflection
HPRegen  0.25/turn              b - ring of wizardry
MPRegen  0.12/turn              K - ring "Humewn" {Wiz rElec rPois Int+4 Stlth+}

@: about to teleport, glowing
A: retaliatory headbutt, horns 2
a: Divine Shield, Renounce Religion


You were on level 11 of the Dungeon.
You worshipped the Shining One.
The Shining One was pleased with you.
You were hungry.

You visited 2 branches of the dungeon, and saw 12 of its levels.

You collected 726 gold pieces.

Inventory:

Hand Weapons
 a - a +0 war axe (weapon)
 J - the +9 shortbow of Ygegack {velocity, rPois Int-4 SInv}
   (You found it on level 8 of the Dungeon)

   Any arrow fired from it inflicts extra damage.
   It affects your intelligence (-4).
   It protects you from poison.
   It lets you see invisible.
Missiles
 M - 3 tomahawks (quivered)
Armour
 C - a +2 large shield (worn)
 D - a +0 plate armour (worn)
 E - a +0 cloak (worn)
Jewellery
 b - a ring of wizardry (left hand)
 i - a +3 amulet of reflection (around neck)
 K - the ring "Humewn" (right hand) {Wiz rElec rPois Int+4 Stlth+}
   (You found it on level 8 of the Dungeon)

   [ring of wizardry]

   It improves your spell success rate.
   It affects your intelligence (+4).
   It insulates you from electricity.
   It protects you from poison.
   It makes you more stealthy.
Wands
 e - a wand of acid (13)
 g - a wand of flame (36)
 L - a wand of paralysis (30)
Scrolls
 j - 5 scrolls of teleportation
 l - 4 scrolls of blinking {unknown}
 m - 5 scrolls of remove curse
 o - 2 scrolls of enchant weapon {unknown}
 p - a scroll of fear {unknown}
 q - 3 scrolls of identify
 s - a scroll of immolation {unknown}
 u - a scroll of magic mapping {unknown}
 v - 2 scrolls of enchant armour {unknown}
 x - 2 scrolls of noise {unknown}
 y - a scroll of random uselessness {unknown}
 H - 2 scrolls of fog {unknown}
Potions
 d - a potion of might
 h - 3 potions of lignification {unknown}
 k - a potion of mutation {unknown}
 n - 4 potions of haste {unknown}
 r - 2 potions of cancellation {unknown}
 t - 2 potions of ambrosia {unknown}
 z - 3 potions of agility {unknown}
 F - a potion of brilliance {unknown}
 G - a potion of curing
 I - a potion of magic {unknown}
Books
 c - a book of Minor Magic

   Spells                             Type                      Level
   a - Magic Dart                     Conjuration                  1
   b - Blink                          Translocation                2
   c - Call Imp                       Summoning                    2
   d - Slow                           Hexes                        2
   e - Conjure Flame                  Conjuration/Fire             3
   f - Mephitic Cloud                 Conjuration/Poison/Air       3
 w - a book of Geomancy

   Spells                             Type                      Level
   a - Sandblast                      Earth                        1
   b - Passwall                       Transmutation/Earth          2
   c - Stone Arrow                    Conjuration/Earth            3
   d - Petrify                        Transmutation/Earth          4
   e - Lee's Rapid Deconstruction     Earth                        5
Comestibles
 f - 20 rations
 A - 6 chunks of flesh


   Skills:
 + Level 7.6 Fighting
 - Level 16.0 Axes
 + Level 6.8 Armour
 + Level 2.1 Dodging
 + Level 0.5 Stealth
 + Level 8.8 Shields


You had 10 spell levels left.
You didn't know any spells.

Dungeon Overview and Level Annotations

Branches:
Dungeon (11/15)            Temple (1/1) D:5            Lair (0/6) D:8
    Orc (0/2) D:10

Altars:
Ashenzari
Cheibriados
Dithmenos
Elyvilon
Fedhas
Gozag
Hepliaklqana
Kikubaaqudgha
Makhleb
Nemelex Xobeh
Okawaru
Qazlal
Ru
Sif Muna
Trog
Uskayaw
Vehumet
Wu Jian
Xom
Yredelemnul
Zin
The Shining One

Shops:
D:9 *   D:10 :


Innate Abilities, Weirdness & Mutations

You reflexively headbutt those who attack you in melee.
You have a pair of horns on your head.


Message History

Your headbutt misses the white ugly thing.
The white ugly thing is moderately wounded.
You hit the troll.
You block the white ugly thing's attack.
Your shield prevents you from hitting the white ugly thing.
You headbutt the white ugly thing.
The white ugly thing is heavily wounded.
Your plate armour prevents you from hitting the troll.
The troll bites you! You block the troll's attack. x2
The white ugly thing pecks you. The white ugly thing freezes you!!
* * * LOW HITPOINT WARNING * * *
As you read the scroll of teleportation, it crumbles to dust.
You feel strangely unstable. The troll bites you but does no damage.
You block the troll's attack. x2
You block the white ugly thing's attack.
You are feeling hungry.
The white ugly thing pecks you!
* * * LOW HITPOINT WARNING * * *
The white ugly thing freezes you!!
You die...

#....######.....#..........
#..............###.........
#..............# #.........
#.............# ##........
#.............# #........
#............## ##.......
#............# #.......
###.........## ##......
#......u@.# #......
###......T.## ##...(.
#...........# #..........##
#..........# #.........##
#.......... #..........#
#...........


You could see a white ugly thing and a troll.

Vanquished Creatures
  A two-headed ogre (D:11)
  An ugly thing (D:8)
  A cyclops (D:8)
  Maurice (D:9)
  Psyche (D:8)
  A troll (D:10)
  Prince Ribbit (D:9)
  A hornet (D:8)
  2 hippogriffs (D:8)
  Grinder (D:3)
  Sigmund (D:4)
  A shadow (D:10)
  A wyvern (D:8)
  A human (D:7)
  2 yaks
  3 hogs (D:7)
  3 hungry ghosts (D:8)
  An acid dragon (D:10)
  Duvessa (D:5)
  6 orc warriors
  2 ice beasts (D:9)
  2 sky beasts (D:6)
  A phantom (D:9)
  7 ogres
  2 centaurs
  5 big kobolds
  3 bullfrogs
  3 gnoll sergeants (D:10)
  Dowan (D:5)
  A wyvern skeleton (D:9)
  A scorpion (D:4)
  6 killer bees (D:9)
  3 wights (D:7)
  A crimson imp (D:10)
  2 howler monkeys
  A quasit (D:4)
  3 hounds
  2 jellies
  An orc priest (D:9)
  4 orc wizards
  A bullfrog skeleton (D:11)
  Ijyb (D:3)
  6 worker ants
  A killer bee zombie (D:8)
  A worker ant zombie (D:11)
  A gnoll (D:1)
  10 adders
  A shadow imp (D:8)
  An ooze (D:1)
  2 adder skeletons
  3 worms
  A dart slug (D:1)
  A leopard gecko (D:2)
  25 orcs
  10 bats
  3 giant cockroaches
  7 goblins
  9 hobgoblins
  6 jackals
  15 kobolds
  5 quokkas
  5 frilled lizards
  A jackal skeleton (D:5)
  A quokka zombie (D:5)
  23 rats
222 creatures vanquished.

Vanquished Creatures (others)
  A centaur (D:8)
1 creature vanquished.

Grand Total: 223 creatures vanquished

Notes
Turn   | Place    | Note
-------+----------+-------------------------------------------
     0 | D:1      | Lothor the Minotaur Fighter began the quest for the Orb.
     0 | D:1      | Reached XP level 1. HP: 19/19 MP: 0/0
    20 | D:1      | Reached skill level 3 in Axes
    38 | D:1      | Reached XP level 2. HP: 24/26 MP: 1/1
   351 | D:1      | Reached skill level 4 in Axes
   351 | D:1      | Reached XP level 3. HP: 27/31 MP: 2/2
  1107 | D:2      | Reached skill level 5 in Axes
  1149 | D:2      | Found a basalt altar of Yredelemnul.
  1225 | D:2      | Reached XP level 4. HP: 11/39 MP: 3/3
  1453 | D:2      | Noticed a dagger
  1454 | D:2      | Noticed a dagger
  1456 | D:2      | Found a hide-covered altar of Uskayaw.
  2096 | D:3      | Noticed Ijyb
  2109 | D:3      | Killed Ijyb
  2109 | D:3      | Reached skill level 6 in Axes
  2321 | D:3      | Noticed Grinder
  2333 | D:3      | Paralysed by Grinder for 3 turns
  2344 | D:3      | Paralysed by Grinder for 3 turns
  2348 | D:3      | Killed Grinder
  2348 | D:3      | Reached skill level 7 in Axes
  2348 | D:3      | Reached XP level 5. HP: 37/45 MP: 4/4
  2348 | D:3      | Reached XP level 6. HP: 42/51 MP: 5/5
  2695 | D:4      | Found an ornate altar of the Wu Jian Council.
  2717 | D:4      | Reached skill level 8 in Axes
  3041 | D:4      | Noticed Sigmund
  3058 | D:4      | HP: 2/51 [Sigmund/magic dart (5)]
  3066 | D:4      | Killed Sigmund
  3066 | D:4      | Reached skill level 9 in Axes
  3066 | D:4      | Reached XP level 7. HP: 14/57 MP: 6/6
  3327 | D:4      | Reached skill level 10 in Axes
  3492 | D:5      | Entered Level 5 of the Dungeon
  3614 | D:5      | Found a hazy altar of Hepliaklqana.
  3623 | D:5      | Found a glowing silver altar of Zin.
  3626 | D:5      | Found a blossoming altar of Fedhas.
  3814 | D:5      | Reached skill level 11 in Axes
  3904 | D:5      | Found a staircase to the Ecumenical Temple.
  3941 | Temple   | Entered the Ecumenical Temple
  4025 | Temple   | Became a worshipper of the Shining One
  4190 | D:5      | Noticed Dowan
  4192 | D:5      | Noticed Duvessa
  4206 | D:5      | Killed Duvessa
  4206 | D:5      | Reached XP level 8. HP: 44/64 MP: 7/7
  4213 | D:5      | Killed Dowan
  4465 | D:6      | Reached skill level 12 in Axes
  4869 | D:6      | Reached skill level 13 in Axes
  5191 | D:7      | Reached XP level 9. HP: 67/70 MP: 8/8
  5262 | D:7      | Reached skill level 14 in Axes
  5627 | D:7      | You fall through a shaft for 3 floors!
  5627 | D:10     | Entered Level 10 of the Dungeon
  6046 | D:10     | Reached * piety under the Shining One
  6046 | D:10     | Reached skill level 15 in Axes
  6295 | D:9      | Noticed Prince Ribbit
  6960 | D:9      | Found Ytaikhloe's Assorted Antiques.
  6986 | D:9      | Killed Prince Ribbit
  7027 | D:9      | Reached skill level 16 in Axes
  7094 | D:9      | Reached XP level 10. HP: 78/78 MP: 9/9
  7271 | D:8      | Noticed Psyche
  7279 | D:8      | Killed Psyche
  7279 | D:8      | Reached skill level 1 in Dodging
  7337 | D:8      | Found a staircase to the Lair.
  7366 | D:8      | Found a deep blue altar of Sif Muna.
  7415 | D:8      | Noticed a cyan ugly thing
  7442 | D:8      | Killed a cyan ugly thing
  7442 | D:8      | Reached skill level 5 in Fighting
  7442 | D:8      | Reached skill level 5 in Shields
  7595 | D:8      | Found an ancient bone altar of Kikubaaqudgha.
  7622 | D:8      | Reached skill level 5 in Armour
  7637 | D:8      | Found a transporter.
  7650 | D:8      | Noticed a cyclops
  7659 | D:8      | Killed a cyclops
  7787 | D:8      | Reached ** piety under the Shining One
  7801 | D:8      | Found a transporter.
  8033 | D:8      | Got an ichor-stained shortbow
  8054 | D:8      | Got a fine golden ring
  8064 | D:8      | Identified the ring "Humewn" {Wiz rElec rPois Int+4 Stlth+} (You found it on level 8 of the Dungeon)
  8068 | D:8      | Identified the +9 shortbow of Ygegack {velocity, rPois Int-4 SInv} (You found it on level 8 of the Dungeon)
  8489 | D:9      | Noticed Maurice
  8498 | D:9      | Killed Maurice
  8702 | D:10     | Found Cuuhuat's Book Shop.
  8723 | D:10     | Found a staircase to the Orcish Mines.
  8746 | D:10     | Reached XP level 11. HP: 76/92 MP: 10/10
  9267 | D:11     | Noticed a two-headed ogre
  9276 | D:11     | Killed a two-headed ogre
  9303 | D:11     | Noticed a white ugly thing
  9318 | D:11     | Mangled by a white ugly thing

Skill      XL: |  1  2  3  4  5  6  7  8  9 10 |
---------------+-------------------------------+-----
Axes           | 3 4 5 7 9 11 13 16 | 16.0
Shields        | 8 |  8.8
Fighting       | 7 |  7.6
Armour         | 6 |  6.8
Dodging        | 2 |  2.1
Stealth        | |  0.5

Action                   |  1- 3 |  4- 6 |  7- 9 | 10-12 || total
-------------------------+-------+-------+-------+-------++-------
Melee: War axe           |    84 |   112 |   252 |   190 ||   638
       Headbutt          |    11 |    13 |    47 |    48 ||   119
  Use: Potion            |       |     3 |     2 |     4 ||     9
       Scroll            |       |       |       |     6 ||     6
  Eat: Chunk             |     1 |     6 |     6 |    10 ||    23
       Ration            |       |       |     2 |       ||     2
Armor: Scale mail        |    35 |    57 |    51 |       ||   143
       Plate armour      |       |       |     5 |    45 ||    50
Dodge: Dodged            |    25 |    53 |    41 |    11 ||   130
Block: Shield            |    36 |    82 |    48 |       ||   166
       Large shield      |       |       |   116 |   194 ||   310
       Reflection        |       |       |       |     5 ||     5
